[Event "*** Titled Tuesday Blitz"]
[Site "Chess.com"]
[Date "2019.11.05"]
[Round "1"]
[White "Vasily85"]
[Black "sofaceindisguise"]
[Result "0-1"]
[WhiteElo "2199"]
[BlackElo "2600"]
[TimeControl "180+2"]
[EndTime "13:08:05 PST"]
[Termination "sofaceindisguise won by resignation"]

1. Nf3 d5 2. g3 Nc6 3. d4 Bf5 4. Bg2 Qd7 5. O-O Bh3 6. c4 Bxg2 7.
Kxg2 e6 8. Nc3 Nf6 9. cxd5 exd5 10. Ne5 Nxe5 11. dxe5 Ng4 12. Qxd5 Qxd5+ 13. Nxd5 O-O-O 14. e4 Nxe5 15. Be3 c6 16. Nc3 b6 17. b3 Bb4 18. Ne2 Bd2 19. Bd4 f6 20. Rfd1 Bb4 21. a3 Be7 22. Nf4 Rd6 23. Bxe5 fxe5 24. Rxd6 Bxd6 25. Nd3 Rd8 26. Kf1 Bxa3 27. Rxa3 Rxd3 28. Rxa7 Rxb3 29. Rxg7 c5 30. Rxh7 c4 31. g4 c3 32. Ke2 c2 33. Kd2 Rc3 34. Kc1 b5 35. Rh5 Rc5 36. f4 b4 37. Rxe5 Rc3 38. f5 b3 39. Rb5 Re3 40. Kb2 Kd7 41. Rc5 Kd6 42.
Rc8 Re1 43. g5 Rb1+ 44. Ka3 c1=Q+ 45. Rxc1 Rxc1 46. Kxb3 Ke5 47. g6 Re1 48. h4 Rxe4 49. g7 Rg4 50. h5 Rxg7 51. h6 Rh7 0-1

[Event "*** Titled Tuesday Blitz"]
[Site "Chess.com"]
[Date "2019.11.05"]
[Round "1"]
[White "arminmusovic"]
[Black "Taron_Shagbazyan"]
[Result "1-0"]
[WhiteElo "2408"]
[BlackElo "2711"]
[TimeControl "180+2"]
[EndTime "13:08:10 PST"]
[Termination "arminmusovic won by resignation"]

1. a3 e5 2. Nc3 d5 3. d4 exd4 4. Qxd4 Nf6 5. e4 dxe4 6. Qxd8+ Kxd8 7. Bg5 Be7 8. O-O-O+ Ke8 9. f3 exf3 10. Nxf3 c6 11. Bc4 h6 12. Bxf6 Bxf6 13. Rhe1+ Kf8 14. Ne4 Nd7 15. Nd6 g6 16. Nxc8 Nc5 17. Nd6 Kg7 18.
Nxf7 Rhe8 19. N7e5 Rad8 20. Rxd8 Rxd8 21. Nd3 Na4 22.
Bb3 Nb6 23. Nc5 Rc8 24. Kb1 g5 25. Ne5 Nd5 26. Ne6+ Kg8 27. Bxd5 cxd5 28. Nd3 Kf7 29.
Nec5 b6 30. Nd7 Bg7 31. N7e5+ Kg8 32. Rf1 Re8 33. Rf5 d4 34. Ka2 Rc8 35. Kb3 b5 36. Nd7 a6 37. Nf6+ Kf7 38. Nh5+ Kg6 39. Nxg7 Kxg7 40. Rd5 Re8 41. Rxd4 Re2 42. Rg4 Kf6 43. Rg3 h5 44. Rf3+ Kg6 45. Rf2 Re4 46. c3 a5 47.
Kc2 h4 48. Kd2 g4 49. Re2 Ra4 50. g3 h3 51. Kc2 Kf6 52. Ne5 Kf5 53. Kb3 Kg5 54.
c4 1-0

[Event "*** Titled Tuesday Blitz"]
[Site "Chess.com"]
[Date "2019.11.05"]
[Round "1"]
[White "kleinebeer98"]
[Black "Sajkochess"]
[Result "1-0"]
[WhiteElo "2679"]
[BlackElo "2318"]
[TimeControl "180+2"]
[EndTime "13:08:19 PST"]
[Termination "kleinebeer98 won by resignation"]

1. e4 c5 2. Nf3 e6 3. d4 cxd4 4. Nxd4 Nc6 5. Nc3 Qc7 6. Qd3 Nxd4 7. Qxd4 a6 8. Be3 b5 9. a4 b4 10. Ne2 Bb7 11. c3 Nf6 12. f3 d5 13. Bf4 Qc5 14. e5 Nd7 15. Rc1 bxc3 16. bxc3 Qa3 17. Rb1 Bc5 18. Qd2 Bc6 19. Nd4 Bxd4 20. cxd4 Bxa4 21. Bd3 Bb5 22. Bxb5 axb5 23. O-O Rb8 24. Ra1 Qe7 25. Bg5 f6 26. exf6 gxf6 27. Bf4 Rc8 28. Ra7 O-O 29. Rb1 Rf7 30. Rxb5 e5 31. dxe5 fxe5 32. Bg5 Qe6 33. Rxd5 Rc1+ 34. Kf2 Qc6 35. Rd6 Rc2 36. Rxc6 Rxd2+ 37. Bxd2 e4 38. Rc8+ Kg7 39. Bc3+ Kg6 40. Rc6+ Kf5 41. Ra5+ 1-0

[Event "*** Titled Tuesday Blitz"]
[Site "Chess.com"]
[Date "2019.11.05"]
[Round "1"]
[White "saraswathii"]
[Black "xamax2000"]
[Result "0-1"]
[WhiteElo "2191"]
[BlackElo "2587"]
[TimeControl "180+2"]
[EndTime "13:08:20 PST"]
[Termination "xamax2000 won by resignation"]

1. e4 c5 2. Nf3 d6 3. d3 Nc6 4.
g3 g6 5. Bg2 Bg7 6. O-O e6 7. c3 Nge7 8. Be3 O-O 9. d4 cxd4 10.
cxd4 d5 11. e5 Nf5 12. Qd2 Qb6 13. Nc3 Nxe3 14. fxe3 Bd7 15. Na4 Qa5 16. Nc5 Bc8 17. a3 Qxd2 18. Nxd2 Bh6 19. Rfe1 b6 20. Ncb3 Ba6 21.
Rac1 Rfc8 22. Rc3 Rc7 23. Rec1 Rac8 24. Kf2 Kf8 25. h4 Ke7 26. e4 dxe4 27. Bxe4 Kd7 28.
R1c2 Bb5 29. Nf3 Ba4 30. d5 exd5 31. Bxd5 Bg7 32. Bxc6+ Rxc6 33. Rxc6 Rxc6 34. Rxc6 Kxc6 35. Nbd4+ Kd5 36. Ne2 Bxe5 37. Nxe5 Kxe5 38. Ke3 Bc6 39. Nf4 Be4 40. Ne2 f6 41. Nc3 Bc6 42. b4 g5 43.
hxg5 fxg5 44. Ne2 h5 45. Ng1 h4 46. gxh4 gxh4 47. Nh3 Bg2 48. Nf2 h3 49. Ng4+ Kd5 50. Kd3 Bf1+ 51. Kc3 Be2 52. Nf2 h2 53. Kd2 Bf3 54.
Ke3 h1=Q 55. Nxh1 Bxh1 56. Kd3 Be4+ 57. Kc3 Bh7 58. a4 a6 59. Kb3 Kd4 60. Ka3 Kc4 61.
a5 b5 0-1

[Event "*** Titled Tuesday Blitz"]
[Site "Chess.com"]
[Date "2019.11.05"]
[Round "1"]
[White "SaraciNderim"]
[Black "twitchTriniCupid"]
[Result "1-0"]
[WhiteElo "2811"]
[BlackElo "2437"]
[TimeControl "180+2"]
[EndTime "13:08:22 PST"]
[Termination "SaraciNderim won on time"]

1. b3 Nf6 2. Bb2 d6 3. e3 e5 4. d4 Nbd7 5. c4 g6 6. Nc3 Bg7 7. Nf3 O-O 8. Be2 Re8 9. O-O Qe7 10. Rc1 h6 11. dxe5 Nxe5 12. Nxe5 Qxe5 13. Ba1 Qe7 14. Bf3 c6 15. Qd2 Bg4 16. Bxg4 Nxg4 17. h3 Nf6 18. Rfd1 Rad8 19. Rc2 Qc7 20. Qc1 Rd7 21. Rcd2 Red8 22. Rd3 Qa5 23. Bb2 Qf5 24. Qa1 Ne4 25. Nxe4 Bxb2 26. Qxb2 Qxe4 27. Qf6 Qe6 28. Qf4 g5 29. Qd4 b6 30. Qc3 f6 31. Rd4 f5 32. Qd3 Kg7 33. h4 g4 34. Rf4 Rf7 35.
Qd4+ Kg8 36. e4 fxe4 37. Rxe4 Qf5 38. Rxg4+ Kh7 39. g3 c5 40. Qe4 Qxe4 41. Rxe4 Rdd7 42. Re6 1-0

[Event "*** Titled Tuesday Blitz"]
[Site "Chess.com"]
[Date "2019.11.05"]
[Round "1"]
[White "misha_melnichuk"]
[Black "Bigfish1995"]
[Result "1/2-1/2"]
[WhiteElo "2535"]
[BlackElo "3024"]
[TimeControl "180+2"]
[EndTime "13:08:26 PST"]
[Termination "Game drawn by repetition"]

1. Nf3 d5 2. g3 Nd7 3. Bg2 e5 4. d3 Ngf6 5. O-O c6 6. c4 dxc4 7. dxc4 Bc5 8. Nc3 Qe7 9. Ng5 Bb4 10.
Qc2 h6 11. Nge4 Nxe4 12. Bxe4 Nf6 13. Bg2 Bg4 14. Ne4 Nxe4 15. Bxe4 O-O 16. Bd2 Bc5 17. Bc3 f5 18. Bf3 Bh3 19. Bg2 Bxg2 20. Kxg2 e4 21.
e3 Rad8 22. Rad1 Qf7 23. Qe2 Be7 24. b3 h5 25. Rxd8 Rxd8 26. Rd1 h4 27. Rxd8+ Bxd8 28. Qd1 Bc7 29. Qd4 b6 30. Kh3 Qg6 31. Qd7 Bd6 32.
Qd8+ Bf8 33. Qxh4 Qe6 34. Qg5 b5 35. cxb5 cxb5 36. Kg2 b4 37. Bd4 a6 38. h4 Kf7 39. h5 a5 40. Qf4 Bd6 41. Qg5 Bf8 42. Qf4 Bd6 43. Qg5 Bf8 1/2-1/2

[Event "*** Titled Tuesday Blitz"]
[Site "Chess.com"]
[Date "2019.11.05"]
[Round "1"]
[White "2165149677570"]
[Black "riconaipe"]
[Result "1-0"]
[WhiteElo "2280"]
[BlackElo "2606"]
[TimeControl "180+2"]
[EndTime "13:08:26 PST"]
[Termination "2165149677570 won by resignation"]

1. e4 c6 2. d4 d5 3. e5 g6 4. Nf3 Bg7 5. Be2 f6 6. h4 Bg4 7.
Nfd2 Bxe2 8. Qxe2 fxe5 9. dxe5 Nd7 10. e6 Nc5 11. h5 Qd6 12. hxg6 hxg6 13. Rxh8 Bxh8 14.
Nb3 Nxe6 15. Nc3 O-O-O 16. Be3 d4 17. O-O-O c5 18. Ne4 Qc6 19. Bd2 Nf6 20. Nxf6 Bxf6 21.
Qg4 c4 22. Na5 Qd5 23. Re1 Rd6 24. Bb4 Ra6 25. b3 cxb3 26. Nxb3 Kd8 27. Qxg6 Qg5+ 28.
Qxg5 Bxg5+ 29. Bd2 Bf6 30. g4 Kd7 31. Rxe6 Kxe6 32.
Nc5+ Kd5 33. Nxa6 bxa6 34. f4 Ke4 35. f5 Bh4 36. Kb2 Kf3 37. g5 Ke4 38. f6 exf6 39. g6 d3 40. g7 f5 41. g8=Q f4 42. Qe6+ Kf3 43. cxd3 Bf2 44. Qe4+ Kg3 45. Qxf4+ 1-0

[Event "*** Titled Tuesday Blitz"]
[Site "Chess.com"]
[Date "2019.11.05"]
[Round "1"]
[White "kingofthenil"]
[Black "WorldChampionBulletChess"]
[Result "1-0"]
[WhiteElo "2549"]
[BlackElo "2065"]
[TimeControl "180+2"]
[EndTime "13:08:27 PST"]
[Termination "kingofthenil won by resignation"]

1. d4 d5 2. c4 c6 3. cxd5 cxd5 4. Bf4 Nc6 5. e3 Bf5 6. Nc3 e6 7. Qb3 Qb6 8. Qxb6 axb6 9. Rc1 Bb4 10. a3 Bxc3+ 11.
Rxc3 Nf6 12. f3 Ke7 13. Bb5 Rhc8 14. Ne2 Na5 15. h4 g6 16. g4 Bb1 17. Kd2 Ba2 18.
Bg5 Bc4 19. Bxc4 Nxc4+ 20. Kc2 Rh8 21. Kb1 h6 22. Bf4 g5 23. Bg3 b5 24. Nc1 Rhc8 25. hxg5 hxg5 26. Rh2 Rc6 27. Rb3 Rac8 28. Na2 Nd7 29.
Rxb5 Nxe3 30. Rxb7 Nf1 31. Rg2 Nxg3 32. Rxg3 Rd6 33.
Rg1 Kf6 34. Rc1 Ra8 35. Rcc7 Rd8 36. Nc3 e5 37. Nb5 e4 38. fxe4 dxe4 39. Nxd6 e3 40. Ne4+ Ke6 41. Nc3 Kd6 42. Rxd7+ Rxd7 43. Rxd7+ Kxd7 44.
Kc2 1-0

[Event "*** Titled Tuesday Blitz"]
[Site "Chess.com"]
[Date "2019.11.05"]
[Round "1"]
[White "IvanRadivojevic"]
[Black "YQPerez"]
[Result "0-1"]
[WhiteElo "2465"]
[BlackElo "2860"]
[TimeControl "180+2"]
[EndTime "13:08:28 PST"]
[Termination "YQPerez won by resignation"]

1. e4 e5 2. Nf3 Nc6 3. Bc4 Bc5 4. c3 Nf6 5. d4 exd4 6. cxd4 Bb4+ 7. Bd2 Bxd2+ 8. Nbxd2 d5 9. exd5 Nxd5 10. Qb3 Na5 11. Qa4+ Nc6 12. Qb3 Nce7 13. O-O O-O 14. Rfe1 c6 15. Ne4 h6 16. Ne5 a5 17. Nc5 Qc7 18. Rad1 Rd8 19. Qf3 Nf5 20. a3 b6 21.
Ne4 Be6 22. Ng3 Nxg3 23. hxg3 Qd6 24. Rc1 Rac8 25. Ba2 Rc7 26. Bb1 b5 27. Rcd1 Nf6 28.
Nd3 Bd5 29. Qf4 Bb3 30. Rc1 Qxf4 31. gxf4 Rxd4 32. Ne5 c5 33. g3 c4 34. Nf3 Rd8 35.
Re5 Ba4 36. Kg2 Kf8 37. b3 Bxb3 38. Rxb5 a4 39. Ne5 c3 40. Bc2 Bxc2 41. Rxc2 Rd2 42.
Rc1 c2 43. Rb8+ Ke7 0-1

[Event "*** Titled Tuesday Blitz"]
[Site "Chess.com"]
[Date "2019.11.05"]
[Round "1"]
[White "Gordima"]
[Black "vova-79"]
[Result "1-0"]
[WhiteElo "2790"]
[BlackElo "2419"]
[TimeControl "180+2"]
[EndTime "13:08:29 PST"]
[Termination "Gordima won on time"]

1. e4 e6 2. Qe2 c5 3. Nf3 Nc6 4. g3 g6 5. Bg2 Bg7 6. O-O Nge7 7. c3 O-O 8. Rd1 e5 9. a3 d5 10. d3 b6 11. b4 d4 12. Bb2 f6 13. Nbd2 Be6 14.
Nc4 Qd7 15. b5 Nd8 16. cxd4 cxd4 17. a4 Nb7 18. Ba3 Rac8 19. Nfd2 Nc5 20. Bb4 Bh6 21. Rdb1 Bg4 22. Qf1 Be6 23. a5 Qc7 24. Rc1 Rfd8 25. Bxc5 bxc5 26. Bh3 f5 27. Rcb1 Bxd2 28. Nxd2 c4 29.
b6 axb6 30. axb6 Qc5 31. b7 Rb8 32. dxc4 Qc7 33. Ra6 Kf7 34. Rab6 Rd6 35. R6b5 Rc6 36.
Qe2 Kf6 37. exf5 gxf5 38. Qh5 Kg7 39. Qg5+ Kf7 40. Nf3 e4 41. Ne5+ Kf8 42. Qf6+ Ke8 43. Nxc6 Qxc6 44. Rb6 Qxc4 45. Rxe6 1-0

[Event "*** Titled Tuesday Blitz"]
[Site "Chess.com"]
[Date "2019.11.05"]
[Round "1"]
[White "Keaton87"]
[Black "mjray79"]
[Result "0-1"]
[WhiteElo "2577"]
[BlackElo "2214"]
[TimeControl "180+2"]
[EndTime "13:08:29 PST"]
[Termination "mjray79 won by checkmate"]

1. d4 Nf6 2. Bg5 d5 3. Nd2 e6 4. e3 Be7 5. Bd3 O-O 6. f4 b6 7.
c3 c5 8. Ngf3 Bb7 9. Qb1 Nbd7 10. Ne5 h6 11. Bh4 Nxe5 12. fxe5 Ng4 13. Bxe7 Qxe7 14.
Nf1 Qh4+ 15. g3 Qh3 16. Qc2 f6 17. exf6 Rxf6 18. Be2 Qg2 19. O-O-O Rf2 20. Qg6 Rxe2 21. Nd2 Rxd2 22. Rxd2 Qxh1+ 23. Rd1 Qe4 24. Qh5 Qxe3+ 25.
Kb1 Qg5 26. Qh3 Qf5+ 27. Ka1 Nf2 28. Qxf5 exf5 29. Rf1 Re8 30. a4 Re2 31. Ka2 g6 32.
Kb3 Nd3 33. dxc5 Rxb2+ 34. Ka3 bxc5 35. Rd1 c4 36. Rxd3 cxd3 37. Kxb2 Ba6 38. Kc1 Kf7 39. Kd2 Ke7 40. Ke3 Kd6 41. h4 Kc5 42. Kd2 Kc4 43.
a5 d4 44. cxd4 Kxd4 45. h5 gxh5 46. Ke1 Ke3 47. Kd1 d2 48. g4 Be2+ 49. Kc2 d1=Q+ 50. Kb2 Qd4+ 51. Kc1 Qc3+ 52. Kb1 Bd3+ 53. Ka2 Bc2 54. a6 Qb3+ 55. Ka1 Qb1# 0-1

[Event "*** Titled Tuesday Blitz"]
[Site "Chess.com"]
[Date "2019.11.05"]
[Round "1"]
[White "ural58"]
[Black "Darhild"]
[Result "1/2-1/2"]
[WhiteElo "2393"]
[BlackElo "2697"]
[TimeControl "180+2"]
[EndTime "13:08:30 PST"]
[Termination "Game drawn by repetition"]

1. Nc3 c5 2. d4 cxd4 3. Qxd4 Nc6 4. Qd3 g6 5. e4 Bg7 6. Nf3 d6 7. Be2 Bg4 8. O-O Nf6 9. Nd5 O-O 10. Nxf6+ Bxf6 11. c3 Ne5 12. Nxe5 Bxe2 13. Qxe2 Bxe5 14. Bh6 Bg7 15.
Bxg7 Kxg7 16. e5 d5 17. e6 Qd6 18. exf7 Rxf7 19. Rae1 Raf8 20. Qe3 a6 21. f3 Rc8 22.
Re2 Re8 23. Rfe1 e5 24. Rd2 Rd7 25. h3 Ree7 26. Qf2 h5 27. Kh1 Kh7 28. Qh4 Qe6 29.
Red1 d4 30. cxd4 exd4 31. Rxd4 Rxd4 32. Rxd4 Qe2 33. Kh2 Rf7 34. Qe4 Qxb2 35. a4 Qb6 36. Qe5 Qf6 37. Qxf6 Rxf6 38. Rd7+ Kh6 39. Rxb7 Rf4 40. g3 Rxa4 41. h4 Ra3 42. Kg2 Ra2+ 43. Kh3 Ra3 44. Kg2 Ra2+ 45. Kf1 Ra3 46. Kf2 Ra4 47.
Kg2 Ra2+ 1/2-1/2

[Event "*** Titled Tuesday Blitz"]
[Site "Chess.com"]
[Date "2019.11.05"]
[Round "1"]
[White "PowerThinking2650"]
[Black "Storne89"]
[Result "0-1"]
[WhiteElo "2339"]
[BlackElo "2690"]
[TimeControl "180+2"]
[EndTime "13:08:32 PST"]
[Termination "Storne89 won on time"]

1. e4 e5 2. Nf3 Nc6 3. Nc3 Nf6 4. d4 exd4 5. Nxd4 Bb4 6. Nxc6 bxc6 7. Bd3 O-O 8. O-O d5 9. exd5 cxd5 10. Bg5 c6 11.
Qf3 Bd6 12. Bxf6 Qxf6 13. Qxf6 gxf6 14. Ne2 Rb8 15. b3 c5 16. Rad1 Be6 17. Ng3 Be5 18. f4 Bd4+ 19. Kh1 Bg4 20. Rde1 Rfe8 21. Rxe8+ Rxe8 22. Nf5 Bxf5 23. Bxf5 Bc3 24. g3 Re2 25. Bd3 Rd2 26. Re1 Kg7 27. Re2 Rd1+ 28. Kg2 Ra1 29. a4 a5 30. Bb5 Rd1 31. Bd3 h5 32.
Re8 Rd2+ 33. Kf3 Rxh2 34. Rd8 d4 35. Rd7 Be1 36. Bc4 f5 37. Rxf7+ Kg6 38. Rxf5 Kxf5 0-1

[Event "*** Titled Tuesday Blitz"]
[Site "Chess.com"]
[Date "2019.11.05"]
[Round "1"]
[White "DrVitman"]
[Black "chess4life23"]
[Result "1-0"]
[WhiteElo "2723"]
[BlackElo "2391"]
[TimeControl "180+2"]
[EndTime "13:08:33 PST"]
[Termination "DrVitman won by resignation"]

1. e4 c6 2. d3 d5 3. f4 dxe4 4. dxe4 Qxd1+ 5. Kxd1 Bg4+ 6. Ke1 Nf6 7. Bd3 g6 8. Nc3 Bg7 9. h3 Be6 10. Nf3 h6 11.
Be3 Nbd7 12. g4 Nb6 13. f5 gxf5 14. gxf5 Bc4 15. Rg1 Nh5 16. Ke2 Bxc3 17. bxc3 Bb5 18. Nd4 Nc4 19. Nxb5 cxb5 20. a4 Kd7 21. axb5 Nxe3 22.
Kxe3 Rhg8 23. c4 Rxg1 24. Rxg1 b6 25. e5 Rc8 26. Be2 Rc5 27. Bxh5 Rxe5+ 28. Kf4 f6 29. Rd1+ Kc7 30. Bf3 e6 31. fxe6 Rxe6 32. Rg1 Kd6 33. Rg7 Kc5 34. Bd5 Re2 35. Rxa7 Rxc2 36. Rc7+ Kb4 37.
Rc6 Ka5 38. Rxf6 Rf2+ 39. Ke5 Re2+ 40. Kd6 h5 41. Rh6 1-0

[Event "*** Titled Tuesday Blitz"]
[Site "Chess.com"]
[Date "2019.11.05"]
[Round "1"]
[White "Squirlolz"]
[Black "Alexander_Zubov"]
[Result "0-1"]
[WhiteElo "2495"]
[BlackElo "2948"]
[TimeControl "180+2"]
[EndTime "13:08:35 PST"]
[Termination "Alexander_Zubov won on time"]

1. e4 Nc6 2. d4 e5 3. dxe5 Nxe5 4. Nf3 Bb4+ 5. Bd2 Bxd2+ 6. Qxd2 d6 7. Nc3 Nf6 8. O-O-O Qe7 9. Bb5+ c6 10. Ba4 Bg4 11. Nxe5 dxe5 12. f3 Be6 13. Nd5 Bxd5 14. exd5 b5 15. d6 Qd7 16. Bb3 O-O 17. Rhe1 Rfe8 18. Qc3 a5 19. a4 e4 20. fxe4 Nxe4 21. Qf3 Nc5 22. axb5 Nxb3+ 23. cxb3 cxb5 24. Re7 Rac8+ 25. Kb1 Rxe7 26. dxe7 Qxe7 27. Qf5 Rb8 28. Rd7 Qe8 29. Qd5 a4 30. bxa4 bxa4 31. Ka2 h6 32. Ka3 Qe3+ 33. Ka2 Rf8 34. h3 h5 35. Rb7 h4 36. Rb4 a3 37.
Rb3 Qe2 38. Rxa3 Rb8 39. Rb3 Qa6+ 40. Ra3 Qb6 41. Rb3 Qa7+ 42. Ra3 Qe7 43. Ra8 Rxa8+ 44.
Qxa8+ Kh7 45. Qe4+ Qxe4 46. Ka3 Qxg2 0-1

[Event "*** Titled Tuesday Blitz"]
[Site "Chess.com"]
[Date "2019.11.05"]
[Round "1"]
[White "tteshan"]
[Black "zim0ne"]
[Result "1-0"]
[WhiteElo "2290"]
[BlackElo "2618"]
[TimeControl "180+2"]
[EndTime "13:08:37 PST"]
[Termination "tteshan won by resignation"]

1. d4 Nf6 2. c4 g6 3. Nc3 Bg7 4. e4 d6 5. Be2 O-O 6. Bg5 Nc6 7. Nf3 h6 8. Be3 e5 9. d5 Ne7 10. Qd2 Ng4 11. h4 Nxe3 12. Qxe3 f5 13. exf5 Nxf5 14. Qe4 Qf6 15. h5 g5 16. Bd3 Rf7 17. Qe2 g4 18.
Ne4 Qe7 19. Nfd2 Nd4 20. Qe3 Bf5 21. Rc1 Raf8 22. b4 Bd7 23. c5 Nf5 24. Qe2 Nh4 25.
cxd6 cxd6 26. Rg1 Bc8 27. Nc4 Nf5 28. Ne3 Nd4 29. Qd2 Bf6 30. Nc4 Bg5 31. Nxg5 hxg5 32. Rf1 Kg7 33. Bg6 Rf6 34. Ne3 Kh6 35. Qd1 Rf4 36. Qd3 b6 37. Rc3 Bd7 38. Qd1 Bb5 39. Nxg4+ Rxg4 40. Qxg4 Bxf1 41. Kxf1 Qf6 42. Qg3 Qe7 43. f3 e4 44. Re3 Rf4 45. Bxe4 Nf5 46. Qf2 Nxe3+ 47. Qxe3 Kxh5 48. Bg6+ Kxg6 49. Qxe7 Rf6 50.
Qe8+ Kg7 51. Qe7+ Kg6 52. Qxa7 g4 53. Qxb6 gxf3 54. gxf3 Rxf3+ 55. Ke2 Rf6 56. Qd8 Kf5 57. b5 Rh6 58. Qf8+ Rf6 59. Qxf6+ Kxf6 60. b6 Ke7 61. b7 Kd8 62. b8=Q+ Kd7 63. a4 1-0

[Event "*** Titled Tuesday Blitz"]
[Site "Chess.com"]
[Date "2019.11.05"]
[Round "1"]
[White "Borsuk_Konstantin"]
[Black "Bagirova"]
[Result "0-1"]
[WhiteElo "2533"]
[BlackElo "2109"]
[TimeControl "180+2"]
[EndTime "13:08:37 PST"]
[Termination "Bagirova won by resignation"]

1. d4 Nf6 2. c4 e6 3. Nc3 c5 4. d5 exd5 5. cxd5 d6 6. Nf3 g6 7.
g3 Bg7 8. Bg2 O-O 9. O-O a6 10.
a4 Re8 11. Nd2 Nbd7 12. h3 Qc7 13. Nc4 Rb8 14. Na3 Nf8 15. Rb1 h6 16. Bd2 g5 17. b4 Bf5 18. Rb3 c4 19. Rb2 Ne4 20.
Qc1 Qe7 21. Ra2 Rbc8 22. Nab1 Qe5 23. Nxe4 Bxe4 24. Bc3 Qxd5 25. Bxg7 Bxg2 26. Rd1 Qc6 27. Bxh6 Bxh3 28. Qxg5+ Ng6 29. f3 Rxe2 30. Rxe2 Qxf3 31. Rde1 Bg4 32. Rf2 Qxg3+ 33. Rg2 Qxe1+ 34. Kh2 Qe5+ 35. Qxe5 Nxe5 36. Nc3 Kh7 37. Bf4 Rg8 38. Ne4 Nf3+ 39. Kh1 Kh8 40. Nxd6 Rg7 41. Bh6 Rh7 42. Rxg4 Rxh6+ 0-1

[Event "*** Titled Tuesday Blitz"]
[Site "Chess.com"]
[Date "2019.11.05"]
[Round "1"]
[White "kuli4ik"]
[Black "r31415"]
[Result "1-0"]
[WhiteElo "2826"]
[BlackElo "2440"]
[TimeControl "180+2"]
[EndTime "13:08:38 PST"]
[Termination "kuli4ik won by resignation"]

1. Nf3 d6 2. g3 g6 3. Bg2 Bg7 4.
O-O f5 5. d3 Nf6 6. Nc3 O-O 7. e4 e5 8. exf5 gxf5 9. d4 e4 10. Ng5 Qe8 11. d5 Na6 12. Ne2 h6 13. Nh3 Qf7 14. Nhf4 Bd7 15. c4 b5 16. cxb5 Bxb5 17. Re1 Nc5 18. Nc3 Bd7 19. Be3 Rfb8 20. Rb1 Nb7 21. Rc1 Nd8 22. b3 a5 23. h3 Qe8 24. a4 Rb7 25. Bf1 Nf7 26. Nb5 Rc8 27.
Nd4 Ne5 28. Kg2 Rcb8 29. Re2 Nf3 30. Rec2 Nxd4 31. Bxd4 Qd8 32. Bc4 Ne8 33. Ne6 Bxe6 34. dxe6 Qe7 35. Be3 c6 36. Ba6 Rxb3 37. Rxc6 Kh7 38.
Qh5 Qf6 39. Bb5 Qg6 40. Qxg6+ Kxg6 41. Rc8 Rxc8 42. Rxc8 Nf6 43. e7 d5 44. Bd4 1-0

[Event "*** Titled Tuesday Blitz"]
[Site "Chess.com"]
[Date "2019.11.05"]
[Round "1"]
[White "Bryakin_Mikhail"]
[Black "medalja"]
[Result "1-0"]
[WhiteElo "2729"]
[BlackElo "2395"]
[TimeControl "180+2"]
[EndTime "13:08:39 PST"]
[Termination "Bryakin_Mikhail won by resignation"]

1. d4 Nf6 2. c4 e6 3. g3 d5 4.
Bg2 Be7 5. Nf3 O-O 6. O-O dxc4 7. Qc2 b6 8. Ne5 Qxd4 9. Bxa8 Qxe5 10. Bf3 Nd5 11. a3 b5 12. Nc3 a6 13. Nxd5 exd5 14.
Bf4 Qe6 15. Bxc7 Nc6 16. Rad1 d4 17. Bb6 Bb7 18. Bxd4 Nxd4 19. Rxd4 Bxf3 20. exf3 Bf6 21. Re4 Qc6 22. Rd1 h6 23. h4 a5 24. Kg2 Rc8 25. Qd2 c3 26. bxc3 Bxc3 27. Qd7 Qxd7 28. Rxd7 b4 29.
axb4 axb4 30. Rb7 Ra8 31. Ree7 f5 32. g4 fxg4 33. fxg4 Ra2 34. Red7 Be1 35. Rxg7+ Kf8 36. Rgf7+ Kg8 37. Rf4 Rc2 38. Rbxb4 Bxb4 39. Rxb4 Kg7 40.
Rb7+ Kf6 41. Rb6+ Kg7 42. Kg3 Rc4 43. h5 Ra4 44. f4 Ra3+ 45. Kg2 Ra2+ 46. Kf3 Ra3+ 47.
Ke4 Ra4+ 48. Ke5 Ra5+ 49. Ke6 Ra4 50. Rb7+ Kg8 51. Ke5 Ra5+ 52. Ke4 Ra4+ 53. Kf3 Ra3+ 54.
Kg2 Ra2+ 55. Kh3 Ra3+ 56. Kh4 Rf3 57. Rb4 Kg7 58. g5 hxg5+ 59. fxg5 Rf1 60. Rb7+ Kg8 61. h6 Ra1 62. Kh5 Ra6 63. Rb8+ Kh7 64. g6+ Rxg6 65.
Rb7+ Rg7 66. Rxg7+ Kh8 67. Rb7 1-0

[Event "*** Titled Tuesday Blitz"]
[Site "Chess.com"]
[Date "2019.11.05"]
[Round "1"]
[White "ehrenfeld"]
[Black "wonderfultime"]
[Result "0-1"]
[WhiteElo "2500"]
[BlackElo "2954"]
[TimeControl "180+2"]
[EndTime "13:08:42 PST"]
[Termination "wonderfultime won by resignation"]

1. e4 c5 2. Nf3 Nf6 3. e5 Nd5 4. g3 Nc6 5. Bg2 g6 6. O-O Bg7 7. Re1 O-O 8. c4 Nb6 9. d3 d5 10. exd6 Qxd6 11. Bf4 e5 12. Be3 Bf5 13. Nc3 Rad8 14.
Ne4 Bxe4 15. dxe4 Nd4 16. b3 Rfe8 17. Rc1 Nd7 18. Bg5 Bf6 19. Bd2 Kf8 20. Nxd4 cxd4 21. b4 b6 22. Qb3 Kg7 23. Bh3 Be7 24. Rf1 Qc6 25. Qd3 Nf6 26. a3 Qxe4 27. Qb3 Qe2 28.
Rc2 Qh5 29. Bg2 e4 30. h3 Bd6 31. Qb2 Be5 32. Qc1 d3 33. Ra2 Bd4 34. g4 Qe5 35. Bf4 Qe6 36. Bh6+ Kg8 37. Kh1 Rc8 38.
Qf4 Qxc4 39. Rd2 Qc7 40. Qg5 Qe5 41. Qh4 Nd5 42. Re1 Nc3 43. Rxd3 exd3 44. Rxe5 Bxe5 45. Bg5 Nb1 46. Bf3 Nxa3 47. Bd5 Nc2 48. Bxf7+ Kxf7 49. Qxh7+ Bg7 0-1

[Event "*** Titled Tuesday Blitz"]
[Site "Chess.com"]
[Date "2019.11.05"]
[Round "1"]
[White "Vamostodorecto"]
[Black "HarutyunianTigranK"]
[Result "0-1"]
[WhiteElo "2438"]
[BlackElo "2813"]
[TimeControl "180+2"]
[EndTime "13:08:44 PST"]
[Termination "HarutyunianTigranK won by checkmate"]

1. d4 Nf6 2. c4 e6 3. Nc3 Bb4 4. e3 O-O 5. Bd2 b6 6. Nf3 Bb7 7. Bd3 d6 8. O-O Nbd7 9. a3 Bxc3 10. Bxc3 Qe7 11. b4 e5 12. Nd2 d5 13. c5 Ne4 14.
Nxe4 dxe4 15. Bc4 Rad8 16. Qa4 exd4 17. exd4 a6 18. Qb3 b5 19. Be2 Nf6 20. a4 Bd5 21.
Qb2 c6 22. axb5 axb5 23. Ra5 Qe6 24. Bd2 Bc4 25. Be3 Bxe2 26. Qxe2 Qb3 27. Ra6 Rc8 28. Qd2 Nd5 29. Bf4 Qxb4 30. Qxb4 Nxb4 31. Ra7 Rfd8 32. Bd6 Ra8 33. Rb7 Ra2 34. h4 Rd2 35. Bc7 Rc8 36.
Ra1 Rxd4 37. Raa7 Rd7 38. Be5 Rxb7 39. Rxb7 Nd5 40. h5 h6 41. g4 Re8 42. Bd4 Nf4 43. Kf1 Rd8 44. Be5 Rd1# 0-1

[Event "*** Titled Tuesday Blitz"]
[Site "Chess.com"]
[Date "2019.11.05"]
[Round "1"]
[White "Niklas2304"]
[Black "Shahinyan_ChessMood"]
[Result "1-0"]
[WhiteElo "2329"]
[BlackElo "2633"]
[TimeControl "180+2"]
[EndTime "13:08:44 PST"]
[Termination "Niklas2304 won on time"]

1. e4 e6 2. d4 d5 3. Nc3 Nf6 4. e5 Nfd7 5. f4 c5 6. Nf3 Nc6 7. Be3 Be7 8. Qd2 a6 9. dxc5 Nxc5 10. a3 b5 11. Qf2 Nd7 12. Bd3 Bb7 13. O-O Qc7 14. Ne2 Na5 15. Ned4 Nc4 16. Bc1 Nc5 17. b3 Nb6 18. Qg3 g6 19. Be3 Nbd7 20. Ng5 Nxd3 21. cxd3 Nc5 22. Rac1 Qd7 23. Rc3 Rc8 24. Rfc1 h6 25. Ngf3 a5 26. b4 axb4 27. axb4 Na4 28.
Rxc8+ Bxc8 29. Nxb5 Qxb5 30. Rxc8+ Bd8 31. Qh4 Kd7 32.
Rxd8+ Rxd8 33. Qf6 Rf8 34. f5 gxf5 35. Bxh6 Re8 36.
Bg5 Kc8 37. Qxf7 Qd7 38. Qg6 Nc3 39. Nd4 Nb5 40. Nb3 Qa7+ 41. d4 1-0

[Event "*** Titled Tuesday Blitz"]
[Site "Chess.com"]
[Date "2019.11.05"]
[Round "1"]
[White "crazy_machine"]
[Black "MFBerna"]
[Result "1-0"]
[WhiteElo "2662"]
[BlackElo "2302"]
[TimeControl "180+2"]
[EndTime "13:08:46 PST"]
[Termination "crazy_machine won by resignation"]

1. d4 d5 2. c4 c6 3. Nf3 Nf6 4. g3 dxc4 5. Bg2 Bf5 6. O-O e6 7. Nc3 Be7 8. Ne5 O-O 9. Nxc4 Nbd7 10. e4 Bg4 11. Qb3 Nb6 12. Be3 Nxc4 13. Qxc4 Bh5 14. h3 Bg6 15. Rfd1 Qa5 16. a3 Rad8 17. Bf3 e5 18.
dxe5 Qxe5 19. Bxa7 Bh5 20. Bxh5 Qxh5 21. Kg2 Nd7 22. Qe2 Qg6 23. Bd4 Bc5 24. Bxc5 Nxc5 25. Rxd8 Rxd8 26. Rd1 Rxd1 27. Qxd1 h5 28. Qd4 Ne6 29.
Qe5 Kh7 30. h4 Qh6 31. Ne2 Qd2 32. Qxh5+ Kg8 33. b4 b5 34. Qf3 Qc2 35. Qe3 Qd1 36. Nf4 Nd4 37. Qd3 Qxd3 38. Nxd3 Nc2 39. Ne5 Nxa3 40. Nxc6 Nc2 41. f4 f6 42. Kf2 Kf7 43.
Ke2 Na3 44. Nd4 Ke7 45. g4 Kf7 46. Kd3 Ke7 47. g5 fxg5 48. hxg5 Kf7 49. f5 Ke7 50. e5 Nc4 51. Ke4 1-0